 Dungeon Crawl Stone Soup version 0.31-a0-803-g95b03c3367 (webtiles) character file.

Game seed: 2422759264473411140

54 mopl the Stinger (level 4, -4/30 HPs)
             Began as a Formicid Venom Mage on Sept 20, 2023.
             Slain by Pargi (7 damage)
             ... in a sewer.
             The game lasted 00:03:03 (1846 turns).

mopl the Stinger (Formicid Venom Mage)              Turns: 1846, Time: 00:03:03

Health: -4/30      AC:  2    Str: 13    XL:     4   Next: 12%
Magic:  1/8        EV: 12    Int: 16    God:
Gold:   138        SH:  0    Dex: 14    Spells: 1/9 levels left

rFire   . . .        j - +0 spear
rCold   . . .        (no shield)
rNeg    . . .        a - +0 robe
rPois   .            (helmet unavailable)
rElec   .            (no cloak)
rCorr   .            (no gloves)
SInv    +            (no boots)
Will    .....        e - amulet of regeneration
Stlth   ++           (no ring)
HPRegen 1.05/turn    (no ring)
MPRegen 0.11/turn

%: no passive effects
@: very slightly contaminated
A: permanent stasis, dig shafts and tunnels, antennae 3, four strong arms
a: Dig


You were in a sewer.
You visited 1 branch of the dungeon, and saw 3 of its levels.
You also visited: Sewer.

You collected 138 gold pieces.

Inventory:

Hand Weapons
 j - a +0 spear (weapon)
Missiles
 k - a throwing net
Armour
 a - a +0 robe (worn)
Jewellery
 e - an amulet of regeneration (around neck)
 g - an amulet of the acrobat
Scrolls
 c - a scroll of identify {unknown}
 h - a scroll of blinking {unknown}
 i - a scroll of enchant armour {unknown}
 m - a scroll of teleportation {unknown}
 n - a scroll of noise {unknown}
Potions
 b - a potion of magic
 d - a potion of curing {unknown}
 f - a potion of degeneration {unknown}
 l - a potion of haste
 o - a potion of might {unknown}


   Skills:
 - Level 1.7 Dodging
 - Level 2.4 Stealth
 - Level 3.0 Spellcasting
 - Level 1.1 Transmutations
 + Level 5.6 Poison Magic


You had one spell level left.
You knew the following spells:

 Your Spells              Type           Power      Damage    Failure   Level
a - Sting                 Tmut/Pois      52%        1d5       4%          1
c - Mephitic Cloud        Conj/Pois/Air  8%         N/A       26%         3
o - Olgreb's Toxic Radia  Pois           20%        N/A       19%         4

Your spell library contained the following spells:

 Spells                   Type           Power      Damage    Failure   Level
 Poisonous Vapours        Pois/Air       22%        N/A       9%          2


Dungeon Overview and Level Annotations

Branches:
Dungeon (3/15)              Sewer (1/1)

Altars:
Vehumet

Annotations:
Sewer Pargi


Innate Abilities, Weirdness & Mutations

You cannot be hasted, slowed, berserked, paralysed or teleported.
You can dig through walls and to a lower floor.
You have a pair of large antennae on your head. (SInv)
Your four strong arms can wield two-handed weapons with a shield.


Message History

Pargi is lightly wounded.
Pargi bites you. Pargi claws you. x2
You are too injured to fight recklessly!
You are too injured to fight recklessly!
You are too injured to fight recklessly!
Casting: Sting (safe; 4% risk of failure)
Confirm with . or Enter, or press ? or * to list all spells.
Aiming: Sting (safe; 4% risk of failure)
Press: ? - help, Shift-Dir - straight line, f/p - Pargi
Aim: Pargi (lightly wounded, very poisoned, 64% to hit)
The sting misses Pargi.
Pargi barely misses you. Pargi claws you but does no damage. Pargi claws you.
Unknown command.
Casting: Sting (safe; 4% risk of failure)
Confirm with . or Enter, or press ? or * to list all spells.
Aiming: Sting (safe; 4% risk of failure)
Press: ? - help, Shift-Dir - straight line, f/p - Pargi
Aim: Pargi (moderately wounded, very poisoned, 64% to hit)
The sting hits Pargi.
Pargi looks even sicker.
Pargi is moderately wounded.
Pargi bites you.
* * * LOW HITPOINT WARNING * * *
Pargi claws you but does no damage. Pargi claws you.
* * * LOW HITPOINT WARNING * * *
It was a potion of haste.
Your stasis prevents you from being hasted.
Pargi bites you but does no damage. Pargi claws you but does no damage.
Pargi claws you.
* * * LOW HITPOINT WARNING * * *
Casting: Sting (safe; 4% risk of failure)
Confirm with . or Enter, or press ? or * to list all spells.
Aiming: Mephitic Cloud (quite dangerous; 26% risk of failure)
Press: ? - help, Shift-Dir - straight line, f/p - Pargi
Aim: Pargi (heavily wounded, very poisoned, chance to affect: 77%)
You miscast Mephitic Cloud.
You are very lightly contaminated with residual magic.
You are blasted with magical energy.
* * * LOW HITPOINT WARNING * * *
Pargi bites you!
You die...

{ { +##+##+##+##+##+##+#
...................######
~~~~~~~~~.~~~~~~~~~#~~~~~
≈≈≈≈≈≈≈≈≈∩≈≈≈≈≈≈≈≈≈#≈≈≈≈≈
~~~~~~~~~.~~~~~~~~~#~~~~~
................@T.#
'##'##'##.##'##'##'#
.##†##.##.##.##.# .#
(##.##.##∩##(##.# .#
################# ##


You could see Pargi (very poisoned).

Vanquished Creatures
  A river rat (D:3)
  2 dart slugs (D:2)
  5 endoplasms
  A giant cockroach (Sewer)
  A goblin (D:2)
  4 hobgoblins
  4 quokkas
  5 ball pythons
  5 bats
  A frilled lizard (D:2)
  2 kobolds
  8 rats
39 creatures vanquished.

Notes
Turn   | Place    | Note
-------+----------+-------------------------------------------
     0 | D:1      | mopl the Formicid Venom Mage began the quest for the Orb.
     0 | D:1      | Reached XP level 1. HP: 13/13 MP: 3/3
   122 | D:1      | Reached XP level 2. HP: 15/19 MP: 0/5
   803 | D:2      | Reached XP level 3. HP: 24/24 MP: 1/7
  1037 | D:2      | Reached skill level 3 in Spellcasting
  1332 | D:2      | Reached skill level 5 in Poison Magic
  1593 | D:3      | Found a radiant altar of Vehumet.
  1704 | D:3      | Found a glowing drain.
  1711 | D:3      | Reached XP level 4. HP: 25/29 MP: 2/8
  1730 | Sewer    | Entered a sewer
  1793 | Sewer    | Learned a level 3 spell: Mephitic Cloud
  1798 | Sewer    | Learned a level 4 spell: Olgreb's Toxic Radiance
  1838 | Sewer    | Noticed Pargi
  1846 | Sewer    | Slain by Pargi

Illustrated notes

Levels and vault maps discovered:
D:1:      dpeg_arrival_boxes_within_box, layout_basic
D:2:      layout_basic
D:3:      layout_basic, mainiacjoe_overflow_small_starburst,
          gup_sewer_entry_bubbles
Sewer:    kennysheep_door_sewer

Skill      XL: |  1  2  3 |
---------------+----------+-----
Spellcasting   | 3 |  3.0
Poison Magic   | 5 |  5.6
Dodging        | |  1.7
Stealth        | |  2.4
Transmutations | |  1.1

Action                     |  1- 3 |  4- 6 || total
---------------------------+-------+-------++-------
  Melee: Unarmed           |     9 |       ||     9
         Spear             |     5 |    14 ||    19
   Cast: Sting             |    57 |     7 ||    64
Ability: Dig               |     1 |       ||     1
    Use: Potion            |       |     1 ||     1
   Stab: Sleeping          |     1 |     3 ||     4
 Armour: Robe              |    17 |    19 ||    36
  Dodge: Dodged            |    23 |     8 ||    31

Table legend: (Time is in decaauts)
 A = Elapsed time spent in this place.
 B = Non-inter-level travel time spent in this place.
 C = Inter-level travel time spent in this place.
 D = Time resting spent in this place.
 E = Time spent auto-exploring this place.
 F = Levels seen in this place.
 G = Mean time per level.
                   A        B        C        D        E       F      G
               +--------+--------+--------+--------+--------+-----+--------+
         Total |   1879 |   1821 |     58 |     50 |   1337 |   4 |  469.8 |
       Dungeon |   1762 |   1704 |     58 |      0 |   1337 |   3 |  587.3 |
         Sewer |    117 |    117 |      0 |     50 |      0 |   1 |  117.0 |
               +--------+--------+--------+--------+--------+-----+--------+

Top non-repeatable levels by time:
     D:2: 904 daAuts
     D:1: 678 daAuts
     D:3: 179 daAuts
   Sewer: 117 daAuts
